 Dungeon Crawl Stone Soup version 0.29.0-4-gdea44cf6ec (webtiles) character file.

Game seed: 1930239146932457267

1044 styxcanada the Covert (level 8, -7/40 HPs)
             Began as a Spriggan Brigand on Aug 26, 2022.
             Mangled by a sixfirhy (12 damage)
             ... summoned by a kobold demonologist
             ... on level 5 of the Dungeon.
             The game lasted 00:21:32 (5101 turns).

styxcanada the Covert (Spriggan Brigand)            Turns: 5101, Time: 00:21:32

Health: -7/40      AC:  5    Str:  7    XL:     8   Next: 4%
Magic:  13/13      EV: 18    Int: 20    God:
Gold:   253        SH:  0    Dex: 19    Spells: 7/12 levels left

rFire   . . .      SeeInvis +   a - +2 dagger
rCold   x . .      Faith    .   (no shield)
rNeg    + + .      Spirit   .   d - +0 troll leather armour {Pargi}
rPois   .          Reflect  .   (helmet restricted)
rElec   .          Harm     .   c - +0 cloak
rCorr   +          Rampage  .   (gloves unavailable)
Will    +....                   (boots unavailable)
Stlth   ++++......              (no amulet)
HPRegen 0.93/turn               u - ring of Ziuf {rC- rN++ rCorr Int+8}
MPRegen 0.13/turn               (no ring)

@: very quick
A: very small, no large weapons, unfitting armour, see invisible, speed 3
a: no special abilities


You were on level 5 of the Dungeon.
You visited 1 branch of the dungeon, and saw 6 of its levels.

You collected 253 gold pieces.

Inventory:

Hand Weapons
 a - a +2 dagger (weapon)
 f - a +0 sling
 q - a +4 quarterstaff of chaos
 y - a +0 sling
Missiles
 e - a curare-tipped dart
 g - 51 stones (quivered)
 s - 2 poisoned darts
Armour
 c - a +0 cloak (worn)
 d - a +0 troll leather armour (worn) {Pargi}
Magical Staves
 n - a staff of air
Jewellery
 u - the ring of Ziuf (left hand) {rC- rN++ rCorr Int+8}
   (You found it on level 4 of the Dungeon)

   [ring of resist corrosion]

   Int:       It affects your intelligence (+8).
   rC:        It makes you vulnerable to cold.
   rN:        It greatly protects you from negative energy.
   rCorr:     It protects you from acid and corrosion.
Wands
 p - a wand of flame (10)
 v - a wand of acid (8)
Scrolls
 h - 4 scrolls of fear
 j - 2 scrolls of magic mapping
 l - 2 scrolls of blinking
 x - a scroll of immolation
Potions
 b - 2 potions of ambrosia
 i - a potion of resistance
 k - 3 potions of lignification
 m - 3 potions of curing {unknown}
 o - a potion of might {unknown}
 r - a potion of berserk rage {unknown}
 t - 5 potions of heal wounds {unknown}
 w - a potion of invisibility {unknown}
 z - a potion of haste {unknown}


   Skills:
 * Level 3.1 Fighting
 + Level 3.9 Short Blades
 + Level 0.3 Ranged Weapons
 + Level 3.5 Throwing
 * Level 4.3 Dodging
 * Level 9.6 Stealth
 * Level 2.8 Spellcasting
 * Level 2.2 Hexes
 * Level 1.4 Ice Magic
 * Level 2.6 Evocations


You had 7 spell levels left.
You knew the following spells:

 Your Spells              Type           Power      Damage    Failure   Level
a - Metabolic Englaciati  Hex/Ice        5%         N/A       96%         5

Your spell library contained the following spells:

 Spells                   Type           Power      Damage    Failure   Level
 Ozocubu's Armour         Ice            8%         N/A       34%         3
 Simulacrum               Ice/Necr       2%         N/A       100%        6


Dungeon Overview and Level Annotations

Branches:
Dungeon (6/15)
 Temple: D:4-7

Altars:


Innate Abilities, Weirdness & Mutations

You are very small and have problems with some larger weapons.
You are too small for most types of armour.
You have supernaturally acute eyesight. (SInv)
You cover ground extremely quickly. (Speed+++)


Message History

The kobold demonologist looks encouraged for a moment.
The kobold brigand throws a poisoned dart.
The poisoned dart hits you!
You are poisoned.
You feel sick.
You feel sick.
You see here 9 gold pieces.
The kobold shouts!
The kobold demonologist shouts!
You hear a shout!
You feel sick.
The kobold shouts!
The kobold demonologist gestures wildly while chanting.
A kobold demonologist comes into view.
It is wielding a +2 dagger of electrocution.
The kobold shouts!
You closely miss the kobold brigand.
You feel sick.
The kobold demonologist looks satisfied for a moment.
The kobold demonologist begins to cast a cantrip, but forgets the words!
The kobold brigand barely misses you.
You hit the kobold brigand but do no damage.
You feel sick.
The kobold brigand hits you with a +1 dagger of venom.
The kobold demonologist gestures wildly while chanting.
The kobold throws a stone.
The stone closely misses you.
You completely miss the kobold brigand.
You feel sick.
You hit the kobold brigand.
The kobold brigand is lightly wounded.
The kobold throws a stone.
The stone closely misses you. The sixfirhy attacks as you move away!
The sixfirhy hits you! The sixfirhy shocks you!
You feel sick.
The kobold demonologist hits you but does no damage.
You feel sick.
You are no longer poisoned.
The kobold demonologist mumbles some strange words.
The sixfirhy closely misses you. x2
The kobold demonologist looks braver for a moment.
The sixfirhy attacks as you move away! The sixfirhy closely misses you.
The sixfirhy closely misses you. The sixfirhy attacks as you move away!
The sixfirhy hits you!
* * * LOW HITPOINT WARNING * * *
The sixfirhy shocks you!
You die...

.......K.KK...# ........4K....#
.......K....$## #.......K...##
.#.#.......## .#...##..#..#
.........##.#### #
###............######.# ... #
#...#...##.#.3@..##.###.[
###..####.##...###........###..
#....# #.####..................
.......
.........###............
..##.####..#####.#
#............ .###.# #..# #.#
#..†......... .# #.#
#..#####.###...........# .# #.#
#>..##................# .#
)#####.#.##...###..........#


You could see a sixfirhy (summoned).

Vanquished Creatures
  Pargi (D:3)
  An ogre (D:5)
  A bullfrog (D:4)
  A necrophage (D:5)
  5 scorpions
  A hound (D:5)
  A jelly (D:5)
  2 orc priests (D:4)
  An iguana (D:5)
  Crazy Yiuf (D:2)
  Natasha (D:2)
  An orc wizard (D:4)
  9 adders
  A shadow imp (D:4)
  An ufetubus (D:4)
  4 dart slugs
  13 orcs
  10 endoplasms
  3 giant cockroaches
  12 goblins
  8 hobgoblins
  2 jackals (D:2)
  8 quokkas
  14 ball pythons
  4 bats
  5 frilled lizards
  7 kobolds
  4 rats (D:1)
122 creatures vanquished.

Vanquished Creatures (others)
  3 plants (D:1)
3 creatures vanquished.

Grand Total: 125 creatures vanquished

Notes
Turn   | Place    | Note
-------+----------+-------------------------------------------
     0 | D:1      | styxcanada the Spriggan Brigand began the quest for the
                  | Orb.
     0 | D:1      | Reached XP level 1. HP: 10/10 MP: 2/2
    16 | D:1      | Reached skill level 6 in Stealth
   116 | D:1      | Reached XP level 2. HP: 14/14 MP: 3/3
   631 | D:1      | Reached skill level 7 in Stealth
   680 | D:1      | Reached XP level 3. HP: 13/18 MP: 4/4
  1014 | D:1      | Found a faded altar of an unknown god.
  1139 | D:2      | Upgraded the game from 0.29.0-3-gbb0933ed62 to
                  | 0.29.0-4-gdea44cf6ec
  1432 | D:2      | Reached XP level 4. HP: 22/23 MP: 5/5
  2136 | D:2      | Noticed Natasha
  2139 | D:2      | Killed Natasha
  2282 | D:2      | Found a runed translucent door.
  2283 | D:2      | Noticed Crazy Yiuf
  2311 | D:2      | Killed Crazy Yiuf
  2312 | D:2      | Reached XP level 5. HP: 15/26 MP: 5/7
  2603 | D:3      | Noticed Pargi
  2641 | D:3      | Killed Pargi
  2642 | D:3      | Reached skill level 8 in Stealth
  2642 | D:3      | Reached skill level 1 in Spellcasting
  2747 | D:3      | Learned a level 5 spell: Metabolic Englaciation
  3681 | D:4      | Reached XP level 6. HP: 31/31 MP: 9/9
  3800 | D:4      | You fall into a shaft and drop 2 floors!
  3808 | D:5      | Entered Level 5 of the Dungeon
  3851 | D:5      | Reached skill level 1 in Evocations
  3929 | D:4      | Identified the ring of Ziuf {rC- rN++ rCorr Int+8}
  4199 | D:4      | Reached skill level 1 in Hexes
  4547 | D:4      | Reached XP level 7. HP: 17/35 MP: 11/11
  4661 | D:5      | Reached skill level 9 in Stealth
  4661 | D:5      | Reached skill level 1 in Ice Magic
  4737 | D:5      | Noticed a kobold demonologist
  4742 | D:5      | Noticed a kobold demonologist
  4979 | D:5      | Reached XP level 8. HP: 20/39 MP: 13/13
  5076 | D:5      | Noticed a kobold demonologist
  5085 | D:5      | Noticed a kobold demonologist
  5087 | D:5      | Noticed a sixfirhy
  5090 | D:5      | Noticed an ice devil
  5094 | D:5      | Noticed an ice devil
  5101 | D:5      | Mangled by a sixfirhy

Illustrated notes

Levels and vault maps discovered:
D:1:      lightli_arrival_quake, layout_loops_ring,
          shapermc_ecumenical_altar_acropolis
D:2:      layout_loops_cross, uniq_crazy_yiuf_cottage, uniq_natasha
D:3:      minmay_spotlight, layout_rooms, uniq_pargi
D:4:      layout_loops_cross, minmay_snake_closets
D:5:      layout_rooms, elyvilon_altar_1
D:6:      layout_layer_cave, cheibriados_altar_1, temple_doors_e, serial_shops,
          kennysheep_mini_moat, biasface_ghost_orc_armoury, uniq_grinder

Skill      XL: |  1  2  3  4  5  6  7  8 |
---------------+-------------------------+-----
Stealth        | 6 7 8 9 |  9.6
Dodging        | 2 3 4 |  4.3
Fighting       | 2 3 |  3.1
Short Blades   | 3 |  3.9
Spellcasting   | 1 2 |  2.8
Throwing       | 3 |  3.5
Evocations     | 1 2 |  2.6
Hexes          | 1 2 |  2.2
Ice Magic      | 1 |  1.4
Ranged Weapons | |  0.3

Action                   |  1- 3 |  4- 6 |  7- 9 || total
-------------------------+-------+-------+-------++-------
Melee: Dagger            |    99 |   217 |    93 ||   409
       Punch             |       |     1 |     1 ||     2
 Fire: Sling             |       |       |     8 ||     8
Throw: Dart              |     3 |    50 |     7 ||    60
       Stone             |       |     4 |       ||     4
Evoke: Wand              |       |     1 |     4 ||     5
  Use: Scroll            |     3 |    11 |     1 ||    15
 Stab: Sleeping          |    12 |    15 |     4 ||    31
Armor: Robe              |     7 |     1 |       ||     8
       Troll leather arm |       |    29 |    11 ||    40
Dodge: Dodged            |    61 |   158 |    72 ||   291
